 Dungeon Crawl Stone Soup version 0.19-a0-1320-g0178847 (webtiles) character file.

2018 4thArraOfDagon the Grappler (level 9, -2/111 HPs)
             Began as a Troll Ice Elementalist on Aug 31, 2016.
             Was a Follower of Elyvilon.
             Slain by a warg (4 damage)
             ... on level 8 of the Dungeon.
             The game lasted 00:11:07 (2146 turns).

4thArraOfDagon the Grappler (TrIE)                  Turns: 2146, Time: 00:11:08

Health: -2/111     AC: 24    Str: 18    XL:     9   Next: 3%
Magic:  7/11       EV:  1    Int: 14    God:    Elyvilon [*.....]
Gold:   164        SH:  0    Dex: 10    Spells: 0 memorised, 10 levels left

rFire  . . .     SeeInvis .       - Unarmed
rCold  + . .     Gourm    +     (armour currently unavailable)
rNeg   + + +     Faith    .     (no shield)
rPois  +         Spirit   .     (helmet currently unavailable)
rElec  .         Dismiss  .     (cloak currently unavailable)
rCorr  .         Reflect  .     (gloves unavailable)
MR     .....     Harm     .     (boots unavailable)
Stlth  ++........ NoTele   +    (no amulet)
                                (no ring)
                                r - ring of protection from cold

@: tree-form
A: unfitting armour, (claws 0), fast metabolism 3, gourmand, regeneration 1,
(shaggy fur 0), (tough skin 0)
a: Lesser Healing, Divine Protection, Renounce Religion


You were on level 8 of the Dungeon.
You worshipped Elyvilon.
Elyvilon was aware of your devotion.
You were not hungry.
You were a tree.
You visited 2 branches of the dungeon, and saw 10 of its levels.
You also visited: Ossuary.

You collected 248 gold pieces.
You spent 84 gold pieces at shops.

Inventory:

Missiles
 d - 6 curare-tipped needles
 e - a throwing net (quivered)
Armour
 a - a +1 robe (melded)
Jewellery
 r - a ring of protection from cold (left branch)
Wands
 o - a wand of paralysis (2/24)
 s - a wand of flame (15/48)
 u - a wand of flame (34/48)
 y - a wand of acid (7/15)
Scrolls
 k - 3 scrolls of holy word
 n - 2 scrolls of teleportation
 v - a scroll of enchant armour
 w - a scroll of acquirement {unknown}
 x - a scroll of immolation
Potions
 h - a potion of agility
 j - 2 potions of brilliance
 l - 2 potions of haste {unknown}
 m - a potion of ambrosia {unknown}
 p - a potion of heal wounds {unknown}
 q - 2 potions of degeneration {unknown}
 t - 2 potions of curing {unknown}
 z - a potion of mutation {unknown}
Books
 b - a book of Frost

   Spells                             Type                      Level
   a - Freeze                         Ice                          1
   b - Throw Frost                    Conjuration/Ice              2
   c - Ozocubu's Armour               Charms/Ice                   3
   d - Throw Icicle                   Conjuration/Ice              4
   e - Summon Ice Beast               Ice/Summoning                4
Comestibles
 c - 4 bread rations
 g - 2 meat rations
 i - a beef jerky


   Skills:
 - Level 1.5 Dodging
 - Level 1.1 Stealth
 * Level 10.7 Unarmed Combat
 - Level 1.2 Spellcasting
   Level 0.6 Conjurations
   Level 2.1 Ice Magic
 + Level 4.0 Invocations


You had 10 spell levels left.
You didn't know any spells.

Dungeon Overview and Level Annotations

Branches:
Dungeon (9/15)             Temple (1/1) D:6
   Lair: D:8-11         Orc: D:9-12

Altars:
Ashenzari
Cheibriados
Dithmenos
Elyvilon
Kikubaaqudgha
Makhleb
Okawaru
Qazlal
Ru
Vehumet
Xom
Yredelemnul
Zin
The Shining One

Shops:
D:8 :*=

Annotations:
D:1 1 exclusion
D:3 Robin


Innate Abilities, Weirdness & Mutations

You are too large for most types of armour.
((You have claws for hands.))
Your metabolism is lightning-fast.
You like to eat raw meat.
Your natural rate of healing is unusually fast.
((You are covered in fur. (AC +1)))
((You have very tough skin. (AC +2)))


Message History

Unknown command.
Unknown command.
Unknown command.
Unknown command.
Unknown command.
Unknown command.
Unknown command.
Unknown command.
Unknown command.
Unknown command.
Unknown command.
Unknown command.
Unknown command.
Unknown command.
Unknown command.
Okay, then.
Unknown command.
You turn into a tree.
Your +1 robe melds into your body.
Your roots penetrate the ground.
The warg bites you.
You die...

####.........#######
#.............>....#
#.#.....####..####.#
#.#..#### #..# #.#
#.#..# #..# #.#
#.#..# ##..# #.#
#.##h# #...####.##
#.##h# #..........
#.##♣# #...#....##
#.##.# #####..###
#.##.##########..#
#<...#...........#
#..#.#.########..#
#..#.....######).##
#..#..............#
#..#....##........##
#..#.#.###._..._...#


You could see 2 wargs.

Vanquished Creatures
  Pikel (D:6)
  A two-headed ogre (D:8)
  A hippogriff (D:8)
  A slave (D:6)
  A water moccasin (D:6)
  An ice beast (D:5)
  An orc warrior (D:8)
  An ogre (D:4)
  A phantom (D:8)
  A howler monkey (D:5)
  3 crimson imps
  2 centaur zombies
  A hound (D:8)
  6 orc priests
  A giant frog skeleton (D:4)
  4 orc wizards
  3 worker ants
  A big kobold zombie (Ossuary)
  5 mummies (Ossuary)
  A worker ant zombie (D:5)
  4 adders
  A shadow imp (D:7)
  An adder skeleton (D:6)
  2 adder zombies
  A worm (D:5)
  11 orcs
  2 giant cockroaches
  5 goblins
  2 hobgoblins
  7 kobolds
  2 quokkas
  5 bats
  3 giant newts
  A hobgoblin zombie (Ossuary)
  3 rats (D:1)
87 creatures vanquished.

Notes
Turn   | Place    | Note
-------+----------+-------------------------------------------
     0 | D:1      | 4thArraOfDagon the Troll Ice Elementalist began the quest for the Orb.
     0 | D:1      | Reached XP level 1. HP: 16/16 MP: 1/1
     1 | D:1      | 4thArraOfDagon: bad luck in dmg and ac i guess
    59 | D:1      | Reached skill level 1 in Unarmed Combat
   100 | D:1      | Reached XP level 2. HP: 10/24 MP: 2/2
   186 | D:1      | Reached skill level 2 in Unarmed Combat
   274 | D:2      | Reached XP level 3. HP: 26/31 MP: 3/3
   297 | D:2      | Reached skill level 3 in Unarmed Combat
   335 | D:3      | Noticed Robin
   365 | D:3      | You fall through a shaft for 2 floors!
   365 | D:5      | Entered Level 5 of the Dungeon
   420 | D:5      | Reached skill level 4 in Unarmed Combat
   420 | D:5      | Reached XP level 4. HP: 13/39 MP: 4/4
   444 | D:5      | Reached XP level 5. HP: 5/45 MP: 5/5
   497 | D:5      | Reached skill level 5 in Unarmed Combat
   603 | D:4      | Reached XP level 6. HP: 49/53 MP: 6/6
   643 | D:5      | Reached skill level 6 in Unarmed Combat
   777 | D:4      | Found a sand-covered staircase.
   782 | Ossuary  | Entered an ossuary
   796 | Ossuary  | Reached skill level 7 in Unarmed Combat
   844 | Ossuary  | Reached XP level 7. HP: 35/59 MP: 7/7
  1020 | D:5      | Reached skill level 8 in Unarmed Combat
  1112 | D:6      | Found a staircase to the Ecumenical Temple.
  1121 | D:6      | Noticed Pikel
  1122 | Temple   | Entered the Ecumenical Temple
  1160 | Temple   | Became a worshipper of Elyvilon the Healer
  1229 | D:6      | Killed Pikel
  1229 | D:6      | Reached skill level 9 in Unarmed Combat
  1229 | D:6      | Reached XP level 8. HP: 42/67 MP: 8/8
  1512 | D:8      | Found Sushrism's Jewellery Boutique.
  1520 | D:8      | :(
  1520 | D:8      | Reached * piety under Elyvilon
  1560 | D:8      | Found Opleben's Book Shoppe.
  1569 | D:8      | Reached skill level 10 in Unarmed Combat
  1821 | D:8      | Found a snail-covered altar of Cheibriados.
  1846 | D:8      | Found Sogaobin's Assorted Antiques.
  1851 | D:8      | Bought a smoky puce potion for 27 gold pieces
  1851 | D:8      | Bought a scroll labeled SYATEI XUYXZE for 30 gold pieces
  1851 | D:8      | Bought an inky potion for 27 gold pieces
  1938 | D:8      | Found an ancient bone altar of Kikubaaqudgha.
  1940 | D:8      | Found a glowing golden altar of the Shining One.
  1941 | D:8      | Found an iron altar of Okawaru.
  1942 | D:8      | Noticed a two-headed ogre
  1946 | D:8      | Killed a two-headed ogre
  1947 | D:8      | Found Jeoll's Antique Armour Shop.
  1947 | D:8      | Found a basalt altar of Yredelemnul.
  1948 | D:8      | Found a stormy altar of Qazlal.
  2043 | D:8      | Reached XP level 9. HP: 59/74 MP: 9/11
  2103 | D:9      | Reached ** piety under Elyvilon
  2145 | D:8      | HP: 1/74 [warg (13)]
  2146 | D:8      | Slain by a warg

Vault maps used:
D:1:      kennysheep_arrival_seaside, minmay_misc_feat_plants,
          nemelex_xobeh_ov_fountains_minmay
D:2:      first_bread, serial_bayou_pond_a
D:3:      uniq_grinder, uniq_terence, uniq_robin, uniq_sigmund
D:4:      enter_ossuary_2
D:5:      corner_web_ring
D:6:      uniq_pikel
D:8:      old_standard_altar, grunt_temple_overflow_open, serial_shops,
          nicolae_shop_window_shopping, shop, shop, nicolae_shop_trees, shop,
          hangedman_little_slice_of_home
D:9:      minmay_bloctagon_deflated, led_sif_pool, minmay_lair_entry_grove,
          minmay_orc_entry_guard_dogs, nicolae_water_bricks
Temple:   dpeg_chambers_temple
Ossuary:  ossuary_the_hunt_dpeg

Skill      XL: |  1  2  3  4  5  6  7  8 |
---------------+-------------------------+-----
Unarmed Combat | 1 2 4 5 7 9 10 | 10.7
Invocations    | 2 4 |  4.0
Dodging        | |  1.5
Stealth        | |  1.1
Spellcasting   | |  1.2
Conjurations   | |  0.6
Ice Magic      | |  2.1

Action                   |  1- 3 |  4- 6 |  7- 9 || total
-------------------------+-------+-------+-------++-------
Melee: Unarmed           |    88 |   104 |   148 ||   340
       Punch             |     2 |     3 |     3 ||     8
Throw: Throwing net      |       |       |     2 ||     2
Invok: Lesser Healing    |       |       |     4 ||     4
Evoke: Wand              |       |       |     3 ||     3
  Use: Potion            |       |     3 |     1 ||     4
       Scroll            |       |     5 |     5 ||    10
 Stab: Sleeping          |     1 |     1 |     1 ||     3
       Held in net/web   |       |       |     3 ||     3
  Eat: Chunk             |     3 |     8 |    10 ||    21
Armor: Robe              |    43 |    15 |    37 ||    95
       Skin              |       |    13 |       ||    13
Dodge: Dodged            |    61 |    27 |    61 ||   149
